 Seeded DCSS version 0.30.1-6-gbe392663c4 (webtiles) character file.

Game seed: 15265865335305158418 (custom seed)

1068 Psyclone the Covert (level 8, -1/50 HPs)
             Began as an Octopode Warper on Sept 21, 2023.
             Was an Initiate of Gozag.
             Slain by a wyvern zombie (10 damage)
             ... in an ossuary.
             The game lasted 00:13:23 (4347 turns).

Psyclone the Covert (Octopode Warper)               Turns: 4347, Time: 00:13:24

Health: -1/50      AC:  5    Str: 11    XL:     8   Next: 28%
Magic:  11/11      EV: 13    Int: 17    God:    Gozag
Gold:   273        SH:  0    Dex: 11    Spells: 6/11 levels left

rFire   . . .        a - +0 short sword
rCold   . . .        (no shield)
rNeg    . . .        (helmet restricted)
rPois   .            (no amulet)
rElec   .            f - ring of Kindness {AC+4 Slay+5}
rCorr   .            (no ring)
SInv    .            (no ring)
Will    .....        (no ring)
Stlth   +++++++      (no ring)
HPRegen 0.28/turn    (no ring)
MPRegen 0.12/turn    (no ring)
                     (no ring)

%: no passive effects
@: no status effects
A: almost no armour, amphibious, 8 rings, camouflage 1, gelatinous body 1,
nimble swimmer 1, tentacles
a: Renounce Religion, Potion Petition, Call Merchant, Bribe Branch


You were in an ossuary.
You worshipped Gozag.
Gozag was aware of your devotion.
You visited 1 branch of the dungeon, and saw 5 of its levels.
You also visited: Sewer and Ossuary.

You collected 864 gold pieces.
You paid 591 gold pieces to Gozag.

Inventory:

Hand Weapons
 a - a +0 short sword (weapon)
Missiles
 c - 7 boomerangs of dispersal (quivered)
Jewellery
 f - the ring of Kindness (left tentacle) {AC+4 Slay+5}
   (You acquired it on level 1 of the Dungeon)

   [ring of protection]

   AC:        It affects your AC (+4).
   Slay:      It affects your accuracy & damage with ranged weapons and melee
   (+5).
Wands
 v - a wand of quicksilver (7)
Scrolls
 b - 5 scrolls of blinking
 i - 3 scrolls of vulnerability {unknown}
 j - 4 scrolls of noise {unknown}
 k - 2 scrolls of amnesia {unknown}
 l - 3 scrolls of teleportation {unknown}
 m - a scroll of enchant weapon {unknown}
 q - 2 scrolls of fear {unknown}
 s - 2 scrolls of enchant armour {unknown}
 t - 6 scrolls of identify {unknown}
 y - a scroll of torment {unknown}
Potions
 d - a potion of curing {unknown}
 e - a potion of berserk rage {unknown}
 g - a potion of brilliance {unknown}
 h - a potion of lignification {unknown}
 n - 2 potions of heal wounds {unknown}
 o - a potion of mutation {unknown}
 p - 2 potions of invisibility {unknown}
 r - 2 potions of might {unknown}
 u - 2 potions of degeneration {unknown}
 w - a potion of flight {unknown}
 x - a potion of resistance {unknown}


   Skills:
 - Level 2.2 Fighting
 - Level 2.2 Short Blades
 - Level 1.4 Throwing
 - Level 2.5 Dodging
 + Level 12.5 Stealth
 - Level 2.2 Spellcasting
 - Level 3.2 Translocations


You had 6 spell levels left.
You knew the following spells:

 Your Spells              Type           Power      Damage    Failure   Level
a - Sandblast             Erth           2%         2d4       19%         1
b - Passwall              Tmut/Erth      0%         N/A       28%         2
q - Blink                 Tloc           24%        N/A       8%          2

Your spell library contained the following spells:

 Spells                   Type           Power      Damage    Failure   Level
 Lesser Beckoning         Tloc           24%        N/A       8%          2
 Gell's Gravitas          Tloc           12%        N/A       16%         3
 Teleport Other           Tloc           12%        N/A       16%         3
 Vhi's Electric Charge    Tloc/Air       14%        N/A       28%         3
 Manifold Assault         Tloc           12%        N/A       45%         4
 Stone Arrow              Conj/Erth      2%         3d7       50%         3
 Dispersal                Tloc           6%         N/A       100%        6


Dungeon Overview and Level Annotations

Branches:
Dungeon (5/15) Zot: 26378  Temple (0/1) D:5           Sewer (visited)
Ossuary (1/1) Zot: 5955

Altars:
Elyvilon
Fedhas
Gozag
Zin

Shops:
D:5 (

Annotations:
D:2 3 exclusions


Innate Abilities, Weirdness & Mutations

You cannot wear most types of armour.
You are amphibious.
You can wear up to eight rings at the same time.
Your skin changes colour to match your surroundings (Stealth+).
Your rubbery body absorbs attacks. (AC +1, EV +1)
You are camouflaged when in or above water. (Stealth+)
You have tentacles for arms and can constrict up to eight enemies at once.


Message History

You hit the mummy.
The mummy is moderately damaged.
You constrict the mummy, but do no damage.
You completely miss the mummy. You squeeze the mummy.
The mummy is severely damaged.
You constrict the mummy. The mummy hits you but does no damage.
You hit the mummy.
The mummy is almost destroyed.
You constrict the mummy.
You destroy the mummy!
A wyvern zombie comes into view.
You enter the shallow water.
You puncture the wyvern zombie!
The wyvern zombie is lightly damaged.
The wyvern zombie closely misses you.
You hit the wyvern zombie.
The wyvern zombie is moderately damaged.
The wyvern zombie bites you.
You take 3 damage, and have 47/50 hp.
You hit the wyvern zombie. You squeeze the wyvern zombie.
The wyvern zombie is heavily damaged.
The wyvern zombie bites you!
You take 6 damage, and have 41/50 hp.
You hit the wyvern zombie.
The wyvern zombie is heavily damaged.
The wyvern zombie bites you!
You take 8 damage, and have 33/50 hp.
You barely miss the wyvern zombie. You squeeze the wyvern zombie.
The wyvern zombie is severely damaged.
The wyvern zombie closely misses you.
You hit the wyvern zombie. Your squeeze misses the wyvern zombie.
The wyvern zombie is severely damaged.
The wyvern zombie bites you! x2
* * * LOW HITPOINT WARNING * * *
You take 25 damage, and have 8/50 hp.
MASSIVE DAMAGE!!
You hit the wyvern zombie. You squeeze the wyvern zombie.
The wyvern zombie is almost destroyed.
The wyvern zombie bites you!
You die...
Your body crumbles into a pile of gold.

##### #..∩# ##
#.∩.# .' #...#
###.##$##+##+##~#
#.'.......~~~..~+
###'#'#+#$@.#~~.#
# #.# #.ZP~P# ≈
### ###~~## ≈≈#
≈≈≈# ≈#≈# ####


You could see a wyvern zombie.

Vanquished Creatures
  Grinder (D:3)
  An ogre (D:5)
  A kobold brigand (Sewer)
  2 scorpions (D:5)
  A howler monkey (D:4)
  2 hounds
  A sleepcap (D:5)
  Natasha (thrice) (D:3)
  4 iguanas
  2 mummies (Ossuary)
  10 adders
  8 river rats
  A shadow imp (D:5)
  A worm (D:2)
  3 dart slugs
  An orc (D:3)
  14 ball pythons
  5 bats
  8 endoplasms
  2 giant cockroaches (D:2)
  9 hobgoblins
  2 jackals (Sewer)
  10 kobolds
  3 quokkas
  3 frilled lizards
  10 rats
108 creatures vanquished.

Notes
Turn   | Place    | Note
-------+----------+-------------------------------------------
     0 | D:1      | Psyclone the Octopode Warper began the quest for the Orb.
     0 | D:1      | Reached XP level 1. HP: 14/14 MP: 3/3
    45 | D:1      | Identified a scroll of acquirement
    45 | D:1      | Acquired the ring of Kindness {AC+4 Slay+5}
   191 | D:3      | Found an opulent altar of Gozag.
   198 | D:3      | Became a worshipper of Gozag Ym Sagoz the Greedy
   231 | D:1      | Reached XP level 2. HP: 19/19 MP: 5/5
   626 | D:1      | Reached XP level 3. HP: 24/24 MP: 6/6
  1030 | D:2      | You fall into a shaft and drop 2 floors!
  1104 | D:4      | Reached skill level 1 in Stealth
  1172 | D:4      | Reached skill level 2 in Stealth
  1176 | D:4      | Reached skill level 3 in Stealth
  1176 | D:4      | Reached XP level 4. HP: 10/29 MP: 7/7
  1237 | D:4      | Learned a level 2 spell: Blink
  1239 | D:4      | Learned a level 1 spell: Sandblast
  1242 | D:4      | Learned a level 2 spell: Passwall
  1308 | D:4      | Found a glowing drain.
  1341 | D:4      | Reached skill level 4 in Stealth
  1413 | Sewer    | Entered a sewer
  1498 | Sewer    | Reached XP level 5. HP: 33/34 MP: 8/8
  1500 | Sewer    | Reached skill level 5 in Stealth
  1510 | Sewer    | Noticed a kobold brigand
  1520 | Sewer    | Killed a kobold brigand
  1521 | Sewer    | Reached skill level 6 in Stealth
  1794 | Sewer    | Reached XP level 6. HP: 39/39 MP: 9/9
  1860 | Sewer    | Reached skill level 7 in Stealth
  2270 | D:4      | Reached skill level 8 in Stealth
  2390 | D:4      | Found a glowing silver altar of Zin.
  2391 | D:4      | Noticed an angel
  3159 | D:3      | Found a white marble altar of Elyvilon.
  3281 | D:3      | Noticed Natasha
  3288 | D:3      | Killed Natasha
  3289 | D:3      | Reached skill level 9 in Stealth
  3289 | D:3      | Reached XP level 7. HP: 19/45 MP: 10/10
  3435 | D:3      | Noticed Natasha
  3447 | D:3      | Killed Natasha
  3497 | D:3      | Found a blossoming altar of Fedhas.
  3576 | D:3      | Noticed Grinder
  3617 | D:3      | Noticed Natasha
  3621 | D:3      | Killed Natasha
  3695 | D:3      | Killed Grinder
  3696 | D:3      | Reached skill level 10 in Stealth
  3864 | D:3      | Found a faded altar of an unknown god.
  4043 | D:5      | Entered Level 5 of the Dungeon
  4045 | D:5      | Reached skill level 11 in Stealth
  4078 | D:5      | Reached XP level 8. HP: 50/50 MP: 11/11
  4161 | D:5      | Reached skill level 12 in Stealth
  4196 | D:5      | Found a staircase to the Ecumenical Temple.
  4281 | D:5      | Found a sand-covered staircase.
  4302 | Ossuary  | Entered an ossuary
  4347 | Ossuary  | Slain by a wyvern zombie

Illustrated notes

Levels and vault maps discovered:
D:1:      minmay_arrival_four_loops, layout_basic, chequers_serial_rivers_marsh,
          minivault_4
D:2:      layout_basic
D:3:      layout_loops_cross, marbit_many_paths, elyvilon_altar_1,
          grunt_gozag_statues, shapermc_ecumenical_altar_mp_vishouse,
          kennysheep_cross_room, corexii_hall_statues_i, uniq_natasha,
          uniq_grinder
D:4:      layout_rooms, zin_angel, lightli_sewer_entry_pipes, hex_medium,
          minmay_fractal_squares_gapless_5
D:5:      layout_loops_ring, minmay_temple_entry_mist,
          chequers_ossuary_entry_cave
Ossuary:  ossuary_zaba_flooded

Skill      XL: |  1  2  3  4  5  6  7  8 |
---------------+-------------------------+-----
Stealth        | 3 4 6 9 11 12 | 12.5
Fighting       | |  2.2
Short Blades   | |  2.2
Throwing       | |  1.4
Dodging        | |  2.5
Spellcasting   | |  2.2
Translocations | |  3.2

Action                     |  1- 3 |  4- 6 |  7- 9 || total
---------------------------+-------+-------+-------++-------
  Melee: Short sword       |    48 |   149 |    53 ||   250
         Constrict         |    11 |    50 |    11 ||    72
         Tentacles         |     7 |    44 |    16 ||    67
         Punch             |       |     3 |     1 ||     4
 Invoke: Call Merchant     |       |       |     1 ||     1
    Use: Scroll            |     1 |       |       ||     1
   Stab: Sleeping          |     4 |    25 |     4 ||    33
         Distracted        |     1 |       |       ||     1
 Armour: Skin              |     9 |     9 |     7 ||    25
  Dodge: Dodged            |    32 |    29 |    17 ||    78
